 Dungeon Crawl Stone Soup version 0.28.0-43-g3370ac3207 (webtiles) character file.

Game seed: 15384704864598258859

239 nickcage the Slasher (level 5, -1/45 HPs)
             Began as a Minotaur Fighter on Mar 8, 2022.
             Was a Believer of Cheibriados.
             Succumbed to Crazy Yiuf's poison
             ... on level 2 of the Dungeon.
             The game lasted 00:03:51 (1379 turns).

nickcage the Slasher (Minotaur Fighter)             Turns: 1379, Time: 00:03:51

Health: -1/45      AC:  6    Str: 27    XL:     5   Next: 79%
Magic:  4/4        EV:  9    Int: 10    God:    Cheibriados [**....]
Gold:   78         SH:  5    Dex: 15    Spells: 4/4 levels left

rFire   . . .      SeeInvis .   a - +0 long sword
rCold   . . .      Faith    .   c - +0 buckler
rNeg    . . .      Spirit   .   b - +0 scale mail
rPois   .          Reflect  .   (helmet restricted)
rElec   .          Harm     .   (no cloak)
rCorr   .          Rampage  .   (no gloves)
Will    .....                   (no boots)
Stlth   ..........              (no amulet)
HPRegen 0.15/turn               (no ring)
MPRegen 0.09/turn               (no ring)

@: lethally poisoned (-1 -> -35), invisible, very slow
A: horns 2, retaliatory headbutt
a: Renounce Religion, Bend Time


You were on level 2 of the Dungeon.
You worshipped Cheibriados.
Cheibriados was pleased with you.
You visited 1 branch of the dungeon, and saw 2 of its levels.

You collected 78 gold pieces.

Inventory:

Hand Weapons
 a - a +0 long sword (weapon)
Armour
 b - a +0 scale mail (worn)
 c - a +0 buckler (worn)
Scrolls
 e - a scroll of amnesia {unknown}
 f - a scroll of fog {unknown}
 i - a scroll of identify {unknown}
 l - 2 scrolls of teleportation {unknown}
Potions
 d - 2 potions of might
 g - a potion of attraction {unknown}
 h - a potion of cancellation {unknown}
 j - a potion of mutation {unknown}
 k - a potion of berserk rage {unknown}


   Skills:
 - Level 3.6 Fighting
 + Level 7.4 Long Blades
 - Level 3.6 Armour
 - Level 3.6 Shields


You had 4 spell levels left.
You didn't know any spells.
Your spell library contained the following spells:

 Spells                   Type           Power      Damage    Failure   Level
 Corpse Rot               Necr/Air       0%         N/A       86%         2
 Poisonous Vapours        Pois/Air       0%         N/A       86%         2


Dungeon Overview and Level Annotations

Branches:
Dungeon (2/15)

Altars:
Cheibriados

Shops:
D:2 =**

Annotations:
D:2 Crazy Yiuf


Innate Abilities, Weirdness & Mutations

You have a pair of horns on your head.
You reflexively headbutt those who attack you in melee.


Message History

You block Terence's attack. Terence screams, "I want your blood!"
Terence closely misses you. You furiously retaliate!
You headbutt Terence, but do no damage. You barely miss Terence.
Terence is heavily wounded.
Terence hits you with a +0 flail!
You slash Terence!
You kill Terence!
Cheibriados thoroughly appreciates the change of pace.
Things that are here:
a +0 flail; a +0 scale mail; a +0 mace You start resting.
HP restored.
You see here a +0 mace.
You see here a +0 mace.
You see here a +0 mace.
Found a mace.
Found a runed translucent door.
Crazy Yiuf shouts!
Crazy Yiuf yells, "Mama pizzabubble snockshim!"
You open the door. You hit Crazy Yiuf.
Crazy Yiuf is moderately wounded.
Crazy Yiuf hits you with a +4 quarterstaff of chaos!
You are poisoned.
You hit Crazy Yiuf but do no damage.
Crazy Yiuf is moderately wounded.
You feel very sick.
Crazy Yiuf hits you with a +4 quarterstaff of chaos!
You are more poisoned.
You closely miss Crazy Yiuf.
Crazy Yiuf is moderately wounded.
* * * LOW HITPOINT WARNING * * *
You feel extremely sick.
Crazy Yiuf hits you with a +4 quarterstaff of chaos.
* * * LOW HITPOINT WARNING * * *
You fade into invisibility!
You hit Crazy Yiuf but do no damage.
Crazy Yiuf is moderately wounded.
You die...

#))))####.##........
#))))# #..#........
♣))))♣ ##.#........
♣.))♣♣ #...........
♣♣.♣♣ #...........
♣.♣♣ ###.##.#####
♣♣.♣ #.##.##### ♣.♣♣
#......... ♣♣@♣
##........ #g#
#........ ...
#.#.##... #...#
#.#.##..† #..)#
#.#.##... #####
####.#.##...
#.......#...
#####.......#...
#####...........#...


You could see Crazy Yiuf.

Vanquished Creatures
  Sigmund (D:2)
  Terence (D:2)
  An adder (D:2)
  2 worms (D:2)
  A dart slug (D:2)
  6 ball pythons
  4 endoplasms
  2 giant cockroaches
  8 goblins
  2 hobgoblins
  4 quokkas
  4 bats
  3 frilled lizards
  4 kobolds
  3 rats (D:1)
46 creatures vanquished.

Notes
Turn   | Place    | Note
-------+----------+-------------------------------------------
     0 | D:1      | nickcage the Minotaur Fighter began the quest for the Orb.
     0 | D:1      | Reached XP level 1. HP: 19/19 MP: 0/0
    70 | D:1      | Reached skill level 3 in Long Blades
    84 | D:1      | Found a faded altar of an unknown god.
    97 | D:1      | Reached XP level 2. HP: 23/26 MP: 1/1
    98 | D:1      | Prayed at the altar of an unknown god.
    98 | D:1      | Became a worshipper of Cheibriados the Contemplative
    98 | D:1      | Reached * piety under Cheibriados
   389 | D:1      | Reached skill level 4 in Long Blades
   637 | D:1      | Reached XP level 3. HP: 31/31 MP: 2/2
   806 | D:2      | Found Kaczui's General Store.
   900 | D:2      | Found Nulocle's Assorted Antiques.
   913 | D:2      | Reached ** piety under Cheibriados
   922 | D:2      | Reached skill level 5 in Long Blades
  1106 | D:2      | Found Seruachaiwk's Jewellery Shoppe.
  1108 | D:2      | Noticed Sigmund
  1112 | D:2      | Killed Sigmund
  1113 | D:2      | Reached skill level 7 in Long Blades
  1113 | D:2      | Reached XP level 4. HP: 31/39 MP: 3/3
  1113 | D:2      | Reached XP level 5. HP: 36/45 MP: 4/4
  1179 | D:2      | Noticed Terence
  1186 | D:2      | Killed Terence
  1371 | D:2      | Found a runed translucent door.
  1372 | D:2      | Noticed Crazy Yiuf
  1379 | D:2      | Succumbed to Crazy Yiuf's poison

Illustrated notes

Levels and vault maps discovered:
D:1:      kennysheep_arrival_forest, layout_basic,
          hellmonk_ecumenical_altar_run_dry, minmay_pentomino_r4
D:2:      layout_basic, serial_shops, nicolae_shop_hallway_stairs,
          shop_fountains, shop, nicolae_diamond_shop, uniq_crazy_yiuf_cottage,
          uniq_sigmund, uniq_terence

Skill      XL: |  1  2  3 |
---------------+----------+-----
Long Blades    | 3 4 7 |  7.4
Fighting       | |  3.6
Armour         | |  3.6
Shields        | |  3.6

Action                   |  1- 3 |  4- 6 || total
-------------------------+-------+-------++-------
Melee: Long sword        |   100 |     9 ||   109
       Headbutt          |    15 |     1 ||    16
Armor: Scale mail        |    59 |       ||    59
Dodge: Dodged            |    35 |     1 ||    36
Block: Buckler           |    21 |     1 ||    22
